[Event "Early-Titled-Tuesday-Blitz-March-05-2024"]
[Site "Chess.com"]
[Date "2024.03.05"]
[Round "6"]
[White "Kiborg95"]
[Black "Yeritsyaan"]
[Result "0-1"]
[WhiteElo "2783"]
[BlackElo "2610"]
[TimeControl "180+1"]
[EndTime "9:07:28 PST"]
[Termination "Yeritsyaan won by resignation"]

1. e4 c5 2. Nc3 Nc6 3. Nge2 g6 4. d4 cxd4 5. Nxd4 Bg7 6. Be3 d6 7. Bc4 Nf6 8. f3 O-O 9. Bb3 Bd7 10. h4 h5 11. Qd2 Rc8 12. O-O-O Ne5 13. g4 hxg4 14. h5 Nxh5 15. Bh6 e6 16. Rdg1 g3 17. Rxh5 gxh5 18. Rxg3 Ng6 19. Nxe6 Bxe6 20. Bxe6 fxe6 21. Rxg6 Rc7 22. Rxe6 Qh4 23. Bxg7 Rxg7 24. b3 Qf4 25. Rxd6 Rg1+ 26. Nd1 Qxd2+ 27. Kxd2 Rxf3 28. Rh6 Rg2+ 29.
Kc1 Rh3 30. Kb2 Kg7 31. Rd6 h4 32. e5 Re2 33. e6 Kf6 34. Rd7 Kxe6 35. Rxb7 Rhh2 36.
Rc7 h3 37. Rc3 Rh1 38. Ne3 h2 0-1

[Event "Early-Titled-Tuesday-Blitz-March-05-2024"]
[Site "Chess.com"]
[Date "2024.03.05"]
[Round "6"]
[White "FoggyMorning"]
[Black "NM_Antelacus"]
[Result "1-0"]
[WhiteElo "2700"]
[BlackElo "2283"]
[TimeControl "180+1"]
[EndTime "9:07:28 PST"]
[Termination "FoggyMorning won by resignation"]

1. e4 c5 2. Nf3 Nc6 3. d4 cxd4 4. Nxd4 Nf6 5. Nc3 e5 6. Ndb5 d6 7. Bg5 a6 8. Na3 b5 9. Nd5 Be7 10. Bxf6 Bxf6 11. c4 b4 12. Nc2 a5 13. g3 O-O 14.
Bg2 Be6 15. O-O Nd4 16. Nxd4 exd4 17. Nxf6+ Qxf6 18. b3 a4 19. Qd3 axb3 20. axb3 Qe5 21. Rfd1 Ra3 22. Rab1 Rfa8 23. f4 Qc5 24. Qxd4 Ra2 25.
Qxc5 dxc5 26. f5 Bxc4 27. bxc4 Rc2 28. e5 Rc8 29. e6 fxe6 30. fxe6 Kf8 31. Bd5 Ke7 32. Rf1 Rf8 33. Rf7+ Rxf7 34. exf7 Re2 35. Kf1 Re5 36. Re1 Rxe1+ 37. Kxe1 b3 38. Kd2 1-0

[Event "Early-Titled-Tuesday-Blitz-March-05-2024"]
[Site "Chess.com"]
[Date "2024.03.05"]
[Round "6"]
[White "KanalSzachowy"]
[Black "ZCorrales"]
[Result "0-1"]
[WhiteElo "2440"]
[BlackElo "2247"]
[TimeControl "180+1"]
[EndTime "9:07:29 PST"]
[Termination "ZCorrales won by checkmate"]

1. e4 c5 2. Nc3 Nc6 3. Bb5 Nd4 4. Nf3 Nxb5 5. Nxb5 d6 6. d4 cxd4 7. Qxd4 a6 8. Nc3 Nf6 9. Bg5 e6 10. O-O-O Be7 11. Rhe1 O-O 12. e5 dxe5 13. Qxe5 Qb6 14. Ne4 Nd7 15. Rxd7 Bxg5+ 16. Qxg5 Bxd7 17. Nf6+ Kh8 18. Nxd7 Qxf2 19. Nxf8 Rxf8 20. Qe5 Qxg2 21. Nd4 Qf2 22. Rd1 h6 23. Qd6 Qe3+ 24. Kb1 Rg8 25. Qe7 e5 26. Nf5 Qf3 27. Qd7 f6 28. Nd6 Qxd1# 0-1

[Event "Early-Titled-Tuesday-Blitz-March-05-2024"]
[Site "Chess.com"]
[Date "2024.03.05"]
[Round "6"]
[White "Knightmare1014"]
[Black "FischerKasparow"]
[Result "1-0"]
[WhiteElo "2323"]
[BlackElo "2072"]
[TimeControl "180+1"]
[EndTime "9:07:29 PST"]
[Termination "Knightmare1014 won on time"]

1. e4 c5 2. Nf3 d6 3. Bb5+ Bd7 4. Bxd7+ Qxd7 5. c4 Nc6 6. Nc3 Nf6 7. d4 cxd4 8. Nxd4 g6 9. f3 Bg7 10. Be3 O-O 11. Qd2 Rfc8 12. Nde2 e6 13. O-O d5 14. cxd5 exd5 15. exd5 Ne5 16. b3 b5 17. Rad1 b4 18.
Ne4 a5 19. Bd4 Qxd5 20. Nf4 Qb5 21. Nd6 Nxf3+ 22. Rxf3 Qg5 23. Nxc8 Rxc8 24. Ne2 1-0

[Event "Early-Titled-Tuesday-Blitz-March-05-2024"]
[Site "Chess.com"]
[Date "2024.03.05"]
[Round "6"]
[White "PawnEatingZombie"]
[Black "UK_23"]
[Result "0-1"]
[WhiteElo "2189"]
[BlackElo "2354"]
[TimeControl "180+1"]
[EndTime "9:07:30 PST"]
[Termination "UK_23 won by checkmate"]

1. e4 e6 2. d4 d5 3. exd5 exd5 4. Bf4 Nc6 5. Nc3 Bb4 6. a3 Bxc3+ 7. bxc3 Nge7 8.
Bd3 Bf5 9. Nf3 f6 10. O-O g5 11. Bg3 Qd7 12. Rb1 O-O-O 13. Re1 h5 14. h4 Bg4 15.
Qe2 Rde8 16. Ba6 Nd8 17. Bxb7+ Nxb7 18. Qa6 Qc6 19. Qxa7 Bxf3 20. gxf3 Nd6 21. Re6 Nef5 22. Rxf6 gxh4 23. Be5 Rhg8+ 24. Kh1 Ref8 25. Rxf8+ Rxf8 26. Rb8+ Kd7 27. Rxf8 Qxc3 28. Kg2 h3+ 29. Kh2 Qxf3 30. Qa4+ c6 31. Bxd6 Qg2# 0-1

[Event "Early-Titled-Tuesday-Blitz-March-05-2024"]
[Site "Chess.com"]
[Date "2024.03.05"]
[Round "6"]
[White "javierfreilemartin"]
[Black "JohnWhite1952"]
[Result "0-1"]
[WhiteElo "2272"]
[BlackElo "2019"]
[TimeControl "180+1"]
[EndTime "9:07:30 PST"]
[Termination "JohnWhite1952 won by resignation"]

1. c4 e6 2. Nc3 d5 3. e3 Nf6 4.
Nf3 c5 5. cxd5 Nxd5 6. d4 Nc6 7. Bd2 cxd4 8. exd4 Bb4 9. Bc4 Nxc3 10. bxc3 Ba5 11. O-O O-O 12. Qe2 h6 13. Rac1 Bc7 14. Bd3 Qd5 15. Ne5 Nxe5 16. dxe5 Qxe5 17. Qxe5 Bxe5 18. Be4 Rb8 19. Be3 b6 20. c4 Bb7 21. Bxb7 Rxb7 22. c5 bxc5 23. Rxc5 Bf6 24. Ra5 Ra8 25. Rc1 a6 26. g3 Bd8 27. Ra4 a5 28. Rc5 Rb4 29. Ra3 a4 30. Kg2 Bb6 31. Rcc3 Bxe3 32. Rxe3 Rc8 33.
Kf3 Rc2 34. Kg2 Rbb2 35. Rxa4 Rxf2+ 36. Kh3 Rxa2 0-1

[Event "Early-Titled-Tuesday-Blitz-March-05-2024"]
[Site "Chess.com"]
[Date "2024.03.05"]
[Round "6"]
[White "arenal72"]
[Black "Eagle_2019"]
[Result "0-1"]
[WhiteElo "2638"]
[BlackElo "2877"]
[TimeControl "180+1"]
[EndTime "9:07:32 PST"]
[Termination "Eagle_2019 won by resignation"]

1. Nf3 d5 2. g3 c6 3. Bg2 Bg4 4. O-O Nd7 5. h3 Bxf3 6. Bxf3 e6 7. d3 Bd6 8. Bg2 Ne7 9. c4 O-O 10. Nc3 Qc7 11. Be3 f5 12. Rc1 Qb8 13. cxd5 exd5 14. f4 Kh8 15. Qd2 Qe8 16. Bd4 Qg6 17. Kh2 Nf6 18.
Be5 Bxe5 19. fxe5 Nh5 20. Qe3 d4 21. Qxd4 Qxg3+ 22. Kg1 Ng6 23. Qf2 Qxe5 24. e3 f4 25. Rce1 f3 26. d4 Qg5 27. Ne4 Qxg2+ 28. Qxg2 fxg2 29.
Kxg2 Nh4+ 30. Kh1 Nf5 31. Kg2 Rae8 32. Nc5 Nh4+ 0-1

[Event "Early-Titled-Tuesday-Blitz-March-05-2024"]
[Site "Chess.com"]
[Date "2024.03.05"]
[Round "6"]
[White "JonSnowNW1"]
[Black "margarita_2703"]
[Result "1-0"]
[WhiteElo "2530"]
[BlackElo "2393"]
[TimeControl "180+1"]
[EndTime "9:07:34 PST"]
[Termination "JonSnowNW1 won by resignation"]

1. e4 e5 2. Nf3 Nc6 3. d4 exd4 4.
Nxd4 Bb4+ 5. c3 Bc5 6. Be3 Bb6 7.
Nd2 Nf6 8. Be2 d5 9. Nxc6 bxc6 10. Bg5 dxe4 11. Qa4 Qd5 12. Bxf6 gxf6 13. Qxe4+ Be6 14.
Qh4 Qxg2 15. Bf3 Qg5 16. Qxg5 fxg5 17. Bxc6+ Ke7 18. Bxa8 Rxa8 19. O-O Rd8 20. Ne4 h6 21. Rfe1 f5 22. Ng3 Kf6 23. Rad1 c5 24. Rxd8 Bxd8 25. b3 Bc7 26. c4 Bf7 27. Nf1 Be5 28. Ne3 Bd4 29. Nc2 Be5 30. Rd1 Ke7 31. Ne3 Be6 32. Re1 Kd6 33. Rd1+ Ke7 34. Nd5+ Kf7 35. Ne3 f4 36. Nd5 Bd4 37. Nc7 Bd7 38. Nb5 Bxb5 39. cxb5 g4 40. b4 g3 41. hxg3 fxg3 42. Kg2 gxf2 43.
bxc5 Bxc5 44. a4 h5 45. a5 Bb4 46. Rd7+ Ke6 47. Rxa7 h4 48. a6 h3+ 49. Kf1 h2 50.
Rh7 Kd5 51. a7 Be7 1-0

[Event "Early-Titled-Tuesday-Blitz-March-05-2024"]
[Site "Chess.com"]
[Date "2024.03.05"]
[Round "6"]
[White "MarijaKuznecova"]
[Black "Viacheslav92"]
[Result "1-0"]
[WhiteElo "2366"]
[BlackElo "2528"]
[TimeControl "180+1"]
[EndTime "9:07:39 PST"]
[Termination "MarijaKuznecova won by resignation"]

1. e4 e5 2. Nf3 Nc6 3. d4 exd4 4. Nxd4 Nf6 5. Nc3 Bc5 6. Nb3 Bb6 7. Qe2 O-O 8. Bg5 h6 9. Bh4 Nd4 10. Qd3 Nxb3 11. axb3 Qe7 12. Be2 c6 13. O-O Re8 14.
Rfe1 d6 15. Rad1 Be6 16. Qxd6 Qxd6 17. Rxd6 Ng4 18. Rxe6 Rxe6 19. Bxg4 Ree8 20. Na4 Bd4 21. c3 Be5 22. Nc5 b6 23. Nd3 Bc7 24. Bd7 Rf8 25. Be7 c5 26. Bxf8 Rxf8 27. Bc6 a6 28. Bd5 Rd8 29.
c4 Kf8 30. f4 Ke7 31. Kf2 a5 32. Ne5 f6 33. Nc6+ 1-0

[Event "Early-Titled-Tuesday-Blitz-March-05-2024"]
[Site "Chess.com"]
[Date "2024.03.05"]
[Round "6"]
[White "Kobalia"]
[Black "lucasran"]
[Result "1-0"]
[WhiteElo "2800"]
[BlackElo "2609"]
[TimeControl "180+1"]
[EndTime "9:07:40 PST"]
[Termination "Kobalia won by checkmate"]

1. e4 c6 2. d4 d5 3. e5 Bf5 4.
Nf3 e6 5. Be2 c5 6. c3 Nc6 7.
O-O cxd4 8. Nxd4 Nxd4 9. cxd4 Ne7 10. Nc3 Nc6 11. g4 Bg6 12. f4 f5 13. exf6 Qxf6 14. f5 exf5 15. Nxd5 Qxd4+ 16. Be3 Qxd1 17. Raxd1 O-O-O 18. gxf5 Bf7 19. Bf3 Bd6 20. Bg5 Rd7 21. f6 Bxd5 22.
Rxd5 gxf6 23. Bg4 Rg8 24. Bxd7+ Kxd7 25. Rxf6 Rxg5+ 26. Rxg5 Be7 27. Rg7 Ke8 28. Rh6 Bf8 29. Re6+ Ne7 30. Rxh7 Kd7 31. Rexe7+ Bxe7 32. Kf2 Ke6 33. Kf3 b5 34. Rxe7+ Kxe7 35. Ke4 Ke6 36. Kd4 Kd6 37.
b4 a5 38. bxa5 Kc6 39. h4 Kb7 40. h5 Ka6 41. h6 Kxa5 42. h7 Kb4 43. h8=Q Ka3 44.
Qa8+ Kb2 45. Qa5 Ka1 46. Kc3 b4+ 47. Qxb4 Kxa2 48. Qb2# 1-0

[Event "Early-Titled-Tuesday-Blitz-March-05-2024"]
[Site "Chess.com"]
[Date "2024.03.05"]
[Round "6"]
[White "ChristianArca"]
[Black "StankovicIvan"]
[Result "1-0"]
[WhiteElo "2700"]
[BlackElo "2523"]
[TimeControl "180+1"]
[EndTime "9:07:40 PST"]
[Termination "ChristianArca won by resignation"]

1. d4 d5 2. Nf3 Nf6 3. g3 g6 4. Bg2 Bg7 5. O-O O-O 6. c4 c6 7.
Qb3 a6 8. Nc3 Ne4 9. cxd5 Nxc3 10. bxc3 Qxd5 11. c4 Qd8 12. Bb2 Ra7 13. e3 b5 14. Qc2 Nd7 15. Rfd1 Qa5 16. Nd2 c5 17. Nb3 Qa4 18. dxc5 Bxb2 19. Qxb2 bxc4 20. Rd4 e5 21. Rh4 Rc7 22. Qc3 Bb7 23. Rxc4 Qa3 24. c6 Nb6 25. Rc5 Na4 26. Qa5 Ba8 27. Rc4 Qb2 28. Qxc7 1-0

[Event "Early-Titled-Tuesday-Blitz-March-05-2024"]
[Site "Chess.com"]
[Date "2024.03.05"]
[Round "6"]
[White "Kapitan_Bayan"]
[Black "LileKoridze"]
[Result "0-1"]
[WhiteElo "2292"]
[BlackElo "2433"]
[TimeControl "180+1"]
[EndTime "9:07:43 PST"]
[Termination "LileKoridze won by resignation"]

1. e4 c5 2. Nf3 d6 3. d4 cxd4 4. Nxd4 Nf6 5. f3 a6 6. c4 e5 7.
Nc2 Be6 8. Be3 Nbd7 9. Nc3 Be7 10. Be2 O-O 11. O-O Rc8 12. b3 b5 13. Nd5 Bxd5 14.
cxd5 h6 15. Nb4 Qe8 16. Nc6 Nh7 17. Rc1 Bg5 18. Qd2 Bxe3+ 19. Qxe3 f5 20. b4 Qf7 21. a3 Ng5 22. h4 Nh7 23. f4 exf4 24. Rxf4 Rce8 25.
Rcf1 Qxd5 26. exd5 Rxe3 27. Bh5 Ndf6 28. Rxf5 Rxa3 29.
Bg6 Re3 30. h5 Ng5 31. Kh2 Ng4+ 32. Kg1 Rxf5 33. Bxf5 Nf6 34. Be6+ Nxe6 35. dxe6 Rxe6 36. Ra1 Ng4 37. g3 d5 38. Rxa6 Kh7 39. Nb8 Re4 40.
Nc6 d4 41. Rb6 d3 42. Rxb5 d2 43. Rd5 Re1+ 44. Kg2 Ne3+ 0-1

[Event "Early-Titled-Tuesday-Blitz-March-05-2024"]
[Site "Chess.com"]
[Date "2024.03.05"]
[Round "6"]
[White "Lady_Nika"]
[Black "PeshkaCh"]
[Result "0-1"]
[WhiteElo "2565"]
[BlackElo "2831"]
[TimeControl "180+1"]
[EndTime "9:07:44 PST"]
[Termination "PeshkaCh won by resignation"]

1. d4 Nf6 2. c4 e6 3. a3 d5 4. cxd5 exd5 5. Nc3 Be7 6. Bg5 O-O 7. e3 c6 8. Bd3 h6 9. Bh4 Re8 10. Qc2 Nh5 11.
Bxe7 Qxe7 12. Nge2 Bg4 13. O-O Bxe2 14. Nxe2 a5 15. Ng3 Nxg3 16. hxg3 Nd7 17. Rae1 Qd6 18. Qd2 Nf6 19. Bb1 g6 20. Qe2 Kg7 21. Qf3 h5 22. Rc1 Qe6 23. Qf4 Ra6 24. Bd3 Rb6 25. Rc2 Rb3 26. Rd1 Qd7 27. Be2 Re4 28. Qg5 Nh7 29.
Qh4 Rxh4 30. gxh4 Nf6 31. Bf3 Qf5 32. Re2 Ne4 33. Rc1 Nd6 34. Rcc2 Rb6 35. Rc5 Qb1+ 36. Kh2 Rxb2 37. Rxa5 Rxe2 38. Bxe2 Qe1 0-1

[Event "Early-Titled-Tuesday-Blitz-March-05-2024"]
[Site "Chess.com"]
[Date "2024.03.05"]
[Round "6"]
[White "Chessdreamer2020"]
[Black "Chernov_Alexander_A"]
[Result "1-0"]
[WhiteElo "2520"]
[BlackElo "2344"]
[TimeControl "180+1"]
[EndTime "9:07:48 PST"]
[Termination "Chessdreamer2020 won on time"]

1. e4 d6 2. d4 Nf6 3. Nc3 Nbd7 4. h3 e5 5. Nge2 c6 6. g4 exd4 7. Nxd4 Ne5 8. Bg2 Be7 9. O-O O-O 10. f4 Ng6 11. Nde2 d5 12. e5 Nxg4 13. hxg4 Bxg4 14. Be3 f6 15. exf6 Bxf6 16. Qd2 Nh4 17. Bh1 Re8 18. Rae1 Bh3 19. Rf2 Qe7 20. Bd4 Nf5 21. Bxf6 Qxf6 22. Bg2 Bxg2 23. Rxg2 Nh4 24. Rg3 Nf5 25. Rg5 Nh4 26.
Kf2 h6 27. Rg4 Nf5 28. Reg1 Kh8 29. Ng3 Ne3 30. Nge2 Nxg4+ 31. Rxg4 Qf5 32. Rg3 1-0

[Event "Early-Titled-Tuesday-Blitz-March-05-2024"]
[Site "Chess.com"]
[Date "2024.03.05"]
[Round "6"]
[White "subham777"]
[Black "marcodobrikov"]
[Result "1-0"]
[WhiteElo "2556"]
[BlackElo "2750"]
[TimeControl "180+1"]
[EndTime "9:07:49 PST"]
[Termination "subham777 won by resignation"]

1. e4 g6 2. g3 Bg7 3. Bg2 c5 4. Ne2 Nc6 5. O-O d6 6. c3 Nf6 7. d4 cxd4 8. cxd4 d5 9. e5 Ng8 10. Nbc3 e6 11. h4 a6 12. Bg5 Qb6 13. Na4 Qa7 14.
Rc1 h5 15. Qb3 Nh6 16. Qa3 Bf8 17. Qb3 Nf5 18. Rfd1 Be7 19. Bxe7 Nfxe7 20. Nb6 Rb8 21. Nc3 Na5 22. Qb4 Nac6 23. Qc5 O-O 24. Nca4 Kg7 25.
Bf1 Rd8 26. b4 Bd7 27. a3 Be8 28. Kg2 Nc8 29. Nxc8 Rbxc8 30. Nb6 Rc7 31. a4 f5 32. exf6+ Kxf6 33. b5 axb5 34. axb5 Qa5 35. bxc6 Rxc6 36.
Qxa5 1-0

[Event "Early-Titled-Tuesday-Blitz-March-05-2024"]
[Site "Chess.com"]
[Date "2024.03.05"]
[Round "6"]
[White "wild3000"]
[Black "mfschulz"]
[Result "1-0"]
[WhiteElo "2489"]
[BlackElo "2265"]
[TimeControl "180+1"]
[EndTime "9:07:49 PST"]
[Termination "wild3000 won by resignation"]

1. d4 Nf6 2. Nf3 c5 3. e3 g6 4. c4 Bg7 5. Nc3 O-O 6. Be2 cxd4 7. Nxd4 d5 8. O-O Nc6 9. b3 e5 10. Nxc6 bxc6 11. cxd5 cxd5 12. Bb2 Re8 13. Na4 Qa5 14. Rc1 Bf5 15. Rc5 Qb4 16. a3 Qh4 17. Rc7 Rad8 18.
Rxa7 Ng4 19. Bxg4 Bxg4 20. Qc1 Qg5 21. f3 Bh3 22. Rf2 d4 23. e4 Qxc1+ 24. Bxc1 Be6 25. b4 Ra8 26. Rxa8 Rxa8 27. Nc5 Bc4 28. Rc2 Bb5 29. a4 Bxa4 30. Nxa4 Rxa4 31. Rc8+ Bf8 32. Bh6 Ra1+ 33. Kf2 Ra2+ 34. Kg3 1-0

[Event "Early-Titled-Tuesday-Blitz-March-05-2024"]
[Site "Chess.com"]
[Date "2024.03.05"]
[Round "6"]
[White "LornerAcosta"]
[Black "jamengrand"]
[Result "1-0"]
[WhiteElo "2634"]
[BlackElo "2461"]
[TimeControl "180+1"]
[EndTime "9:07:51 PST"]
[Termination "LornerAcosta won by resignation"]

1. Nf3 Nf6 2. e3 g6 3. c4 Bg7 4. b3 O-O 5. Bb2 d6 6. Be2 e5 7. d4 Nc6 8. dxe5 Ng4 9. O-O Ngxe5 10. Nc3 Re8 11. Qd2 Nxf3+ 12. Bxf3 Ne5 13. Be2 Bg4 14.
Rad1 Bxe2 15. Qxe2 Qh4 16. Nd5 Rac8 17. h3 c6 18. Nf4 g5 19. g3 Qh6 20. Nh5 Re6 21. Nxg7 Qxh3 22. Nxe6 Ng4 23. f3 Qxg3+ 24. Qg2 Qxg2+ 25.
Kxg2 Nxe3+ 26. Kg3 fxe6 27. Rfe1 Nf5+ 28. Kf2 e5 29. c5 Rf8 30. cxd6 Nh4 31. d7 Nxf3 32.
d8=Q 1-0

[Event "Early-Titled-Tuesday-Blitz-March-05-2024"]
[Site "Chess.com"]
[Date "2024.03.05"]
[Round "6"]
[White "KononenkoD"]
[Black "Aalessia"]
[Result "1-0"]
[WhiteElo "2613"]
[BlackElo "2403"]
[TimeControl "180+1"]
[EndTime "9:07:52 PST"]
[Termination "KononenkoD won by resignation"]

1. e4 c5 2. Nf3 d6 3. d4 cxd4 4. Nxd4 Nf6 5. Nc3 a6 6. Bc4 e6 7. Bb3 b5 8. O-O Bb7 9. f4 Nc6 10. Kh1 Nxd4 11. Qxd4 Be7 12. f5 e5 13. Qd3 Nd7 14.
Bd5 Nc5 15. Qf3 Bg5 16. Bxb7 Nxb7 17. Nd5 Rc8 18. Bxg5 Qxg5 19. f6 Rxc2 20. fxg7 Qxg7 21.
Rac1 Rxc1 22. Rxc1 O-O 23. b4 f5 24. Rc7 Qh6 25. h3 fxe4 26. Qg4+ Kh8 27. Rxb7 e3 28. Qe2 Qg6 29. Qxe3 Rg8 30. Qf2 e4 31. Qd4+ 1-0

[Event "Early-Titled-Tuesday-Blitz-March-05-2024"]
[Site "Chess.com"]
[Date "2024.03.05"]
[Round "6"]
[White "arnash_bauyrzhan"]
[Black "emeli_chess"]
[Result "1/2-1/2"]
[WhiteElo "2322"]
[BlackElo "2431"]
[TimeControl "180+1"]
[EndTime "9:07:52 PST"]
[Termination "Game drawn by repetition"]

1. e4 c5 2. Nf3 d6 3. Bb5+ Nd7 4.
d4 cxd4 5. Qxd4 a6 6. Bxd7+ Bxd7 7. O-O e5 8. Qd3 Rc8 9. c4 h6 10. Be3 Nf6 11. Nc3 Be7 12. Rac1 O-O 13. Nd2 Ng4 14. h3 Nxe3 15. Qxe3 Bg5 16. Qd3 Be6 17. Nd5 Bxd5 18. cxd5 Bxd2 19. Qxd2 Qb6 20. b3 Rxc1 21. Rxc1 f5 22.
exf5 Rxf5 23. Rc8+ Rf8 24. Rxf8+ Kxf8 25. Qd3 Qc5 26. Qf5+ Kg8 27. Qe6+ Kh7 28. Qf7 b5 29. Kh2 a5 30. Qf5+ Kh8 31. Qf8+ Kh7 32. Qf5+ Kg8 33. Qe6+ Kh8 34. Qf7 a4 35. bxa4 bxa4 36. Qf8+ Kh7 37. Qf5+ Kg8 38. Qe6+ Kh7 39. Qf7 a3 40. Qf5+ Kg8 41.
Qe6+ Kh7 42. Qf5+ Kg8 43. Qe6+ Kh7 44. Qf5+ 1/2-1/2

[Event "Early-Titled-Tuesday-Blitz-March-05-2024"]
[Site "Chess.com"]
[Date "2024.03.05"]
[Round "6"]
[White "esrosenberg"]
[Black "TimGrutter03"]
[Result "0-1"]
[WhiteElo "2453"]
[BlackElo "2626"]
[TimeControl "180+1"]
[EndTime "9:07:53 PST"]
[Termination "TimGrutter03 won by resignation"]

1. d4 d5 2. c4 e6 3. Nc3 a6 4. cxd5 exd5 5. Nf3 c6 6. Bf4 Bd6 7. Bxd6 Qxd6 8. e3 Bf5 9. Bd3 Bxd3 10. Qxd3 Nf6 11.
Ne5 Nbd7 12. f4 Rc8 13. O-O O-O 14. Rf3 c5 15. Rh3 g6 16. Rf1 b5 17. Nxd7 Nxd7 18. f5 b4 19. Ne2 c4 20. Qd2 Nf6 21. Ng3 c3 22. bxc3 bxc3 23. Qc2 Qe7 24. Ne2 Qe4 25.
Qxe4 Nxe4 26. Rc1 c2 27. Kf1 Rb8 28. Rxc2 Rb1+ 29. Rc1 Rfb8 30. Ke1 R8b2 31. Rf3 Rxe2+ 32. Kxe2 Rxc1 33. fxg6 hxg6 34. Rf1 Rc2+ 0-1

[Event "Early-Titled-Tuesday-Blitz-March-05-2024"]
[Site "Chess.com"]
[Date "2024.03.05"]
[Round "6"]
[White "MANOJ_MISHRA123"]
[Black "erlesfar"]
[Result "1-0"]
[WhiteElo "2271"]
[BlackElo "2402"]
[TimeControl "180+1"]
[EndTime "9:07:54 PST"]
[Termination "MANOJ_MISHRA123 won by resignation"]

1. d4 d5 2. c4 e6 3. Nf3 Nf6 4. g3 dxc4 5. Bg2 Bb4+ 6. Nbd2 c3 7. bxc3 Bxc3 8. Rb1 Bxd4 9. Nxd4 Qxd4 10. Bb2 Qd8 11. O-O c6 12. h3 O-O 13. g4 h6 14.
e4 Nbd7 15. h4 Ne8 16. Nf3 f6 17. Qd4 e5 18. Qc4+ Kh7 19. g5 Qc7 20. Ba3 Nb6 21. Rxb6 Nd6 22. Qc5 axb6 23. Qxd6 Qxd6 24. Bxd6 Re8 25.
a3 hxg5 26. hxg5 fxg5 27. Nxg5+ Kg6 28. Nf3 Bg4 29. Nxe5+ Kf6 30. Nxg4+ Ke6 31. e5 Rh8 32. f4 Rh4 33. f5+ Kd7 34. Ne3 Rha4 35. Rd1 Ke8 36. e6 c5 37. Nd5 Rxa3 38. Nc7+ Kd8 39. Nxa8 Rxa8 40. Bxb7 Ra2 41. Bc6 Kc8 42. e7 Re2 43.
e8=Q+ Rxe8 44. Bxe8 c4 45. Bf8 b5 46. Bxb5 c3 47.
Bxg7 c2 48. Rc1 Kb7 49. Rxc2 Kb6 1-0

[Event "Early-Titled-Tuesday-Blitz-March-05-2024"]
[Site "Chess.com"]
[Date "2024.03.05"]
[Round "6"]
[White "Muracle"]
[Black "Goryachkina"]
[Result "0-1"]
[WhiteElo "2516"]
[BlackElo "2687"]
[TimeControl "180+1"]
[EndTime "9:07:55 PST"]
[Termination "Goryachkina won by checkmate"]

1. Nf3 c5 2. b3 Nc6 3. Bb2 d6 4. g3 e5 5. d3 g6 6. Bg2 Bg7 7. O-O Nge7 8. c4 O-O 9. Nbd2 h6 10. Qc2 Be6 11. Rae1 Rc8 12. Qb1 a6 13. e3 b5 14.
d4 bxc4 15. dxc5 cxb3 16. cxd6 bxa2 17. Qd3 Nd5 18. Ne4 Ndb4 19. Qd2 Bc4 20. Bh3 Bxf1 21. Bxc8 Bd3 22. Nc5 Qxc8 23. Nxd3 Nxd3 24. Qxd3 e4 25. Qc2 exf3 26. Bxg7 Qh3 27. Bxf8 Qg2# 0-1

[Event "Early-Titled-Tuesday-Blitz-March-05-2024"]
[Site "Chess.com"]
[Date "2024.03.05"]
[Round "6"]
[White "Rikikits"]
[Black "ukchessbomber"]
[Result "1-0"]
[WhiteElo "2842"]
[BlackElo "2655"]
[TimeControl "180+1"]
[EndTime "9:07:56 PST"]
[Termination "Rikikits won by checkmate"]

1. d4 b6 2. e4 Bb7 3. Nc3 d6 4. Bd3 Nd7 5. Nge2 g6 6. O-O Bg7 7. f4 e6 8. f5 exf5 9. exf5 Ne7 10. Bg5 Bf6 11. Bxf6 Nxf6 12. fxg6 Nxg6 13. Ng3 O-O 14.
Qd2 Re8 15. h3 Kh8 16. Rf2 Nd5 17. Qh6 Qh4 18. Nh5 Qxd4 19. Nb5 Qxb2 20. Raf1 Qe5 21. Re2 Qxe2 22. Qg7# 1-0

[Event "Early-Titled-Tuesday-Blitz-March-05-2024"]
[Site "Chess.com"]
[Date "2024.03.05"]
[Round "6"]
[White "chupitroko32"]
[Black "Mariia89"]
[Result "1-0"]
[WhiteElo "2403"]
[BlackElo "2262"]
[TimeControl "180+1"]
[EndTime "9:07:56 PST"]
[Termination "chupitroko32 won on time"]

1. e4 c6 2. Nf3 d5 3. exd5 cxd5 4. Ne5 Nf6 5. d4 Nc6 6. f4 Qb6 7. c3 Bf5 8. Bd3 Bxd3 9. Qxd3 e6 10. O-O g6 11.
Nd2 Bg7 12. Kh1 O-O 13. b3 Rac8 14. Bb2 a6 15. Rae1 Qa5 16. a4 Rfd8 17. g4 b5 18. axb5 axb5 19. f5 Nxe5 20. dxe5 Nxg4 21. fxe6 fxe6 22. Qg3 Nh6 23. Nf3 Nf5 24. Qh3 Re8 25. Rg1 Qa2 26. Rg2 Qxb3 27. Ng5 h5 28. Nf3 Kh7 29.
Reg1 1-0

[Event "Early-Titled-Tuesday-Blitz-March-05-2024"]
[Site "Chess.com"]
[Date "2024.03.05"]
[Round "6"]
[White "NowInChess"]
[Black "Rosh1610"]
[Result "0-1"]
[WhiteElo "2248"]
[BlackElo "2422"]
[TimeControl "180+1"]
[EndTime "9:07:56 PST"]
[Termination "Rosh1610 won on time"]

1. e4 e5 2. Nf3 d6 3. d4 exd4 4. Nxd4 Nf6 5. Nc3 Be7 6. Qf3 O-O 7. Nf5 Bxf5 8. exf5 Nc6 9. Be3 Ne5 10. Qf4 c6 11.
Be2 b5 12. a3 a5 13. O-O Rb8 14. g4 b4 15. axb4 Rxb4 16. Bd4 c5 17. Bxe5 Rxf4 18.
Bxf4 h6 19. Rfd1 Qb8 20. b3 Qb4 21. Bd2 Qb7 22. Rxa5 Bd8 23. Ra4 Bc7 24. Bf4 d5 25. Bxc7 Qxc7 26. Nxd5 Nxd5 27. Rxd5 Re8 28. Bd3 Qc6 29.
Re4 Ra8 30. c4 Ra1+ 31. Kg2 Qf6 32. Kg3 Rg1+ 33. Kf3 h5 34. Re8+ Kh7 35. g5 Rxg5 36. Rdd8 Rxf5+ 37. Bxf5+ Qxf5+ 38. Ke3 Qg5+ 39. Ke2 Qg4+ 40.
Kf1 Qh3+ 41. Kg1 Qxb3 42. Re5 Kg6 43. Re4 Qb1+ 44. Kg2 Qxe4+ 45. f3 Qxc4 0-1

[Event "Early-Titled-Tuesday-Blitz-March-05-2024"]
[Site "Chess.com"]
[Date "2024.03.05"]
[Round "6"]
[White "ChessBrainiacOnTwitch"]
[Black "mortngabriel"]
[Result "1-0"]
[WhiteElo "2820"]
[BlackElo "2530"]
[TimeControl "180+1"]
[EndTime "9:07:57 PST"]
[Termination "ChessBrainiacOnTwitch won by resignation"]

1. e4 c5 2. Nf3 Nc6 3. d4 cxd4 4. Nxd4 g6 5. Nc3 Bg7 6. Be3 Nf6 7. Bc4 O-O 8. Bb3 d6 9. f3 Nxd4 10. Bxd4 Qa5 11.
Qd2 Be6 12. O-O-O b5 13. Kb1 b4 14. Nd5 Bxd5 15. exd5 Qb5 16. Rhe1 a5 17. Qe2 Qxe2 18.
Rxe2 a4 19. Bc4 Rfc8 20. b3 Rc7 21. Rde1 Kf8 22. Bb2 Ne8 23. Bb5 Bxb2 24. Kxb2 Nf6 25. Bc6 Ra5 26. Rd2 a3+ 27. Kc1 e5 28. Re3 Rc5 29. Kd1 Ra7 30. g4 Raa5 31. Red3 e4 32. Rd4 exf3 33. g5 Nh5 34. Rxb4 Ng7 35. Rb8+ Ke7 36.
b4 Rxc6 37. dxc6 Ra7 38. Rb7+ Rxb7 39. cxb7 1-0

[Event "Early-Titled-Tuesday-Blitz-March-05-2024"]
[Site "Chess.com"]
[Date "2024.03.05"]
[Round "6"]
[White "Fandorine"]
[Black "ChessSwole"]
[Result "0-1"]
[WhiteElo "2927"]
[BlackElo "2723"]
[TimeControl "180+1"]
[EndTime "9:07:59 PST"]
[Termination "ChessSwole won by resignation"]

1. d4 Nf6 2. c4 g6 3. Nc3 d5 4.
cxd5 Nxd5 5. e4 Nxc3 6. bxc3 Bg7 7. Nf3 c5 8. Bb5+ Nc6 9. O-O O-O 10. Bxc6 bxc6 11.
Qc2 cxd4 12. cxd4 Bg4 13. Ne5 Qxd4 14. Bb2 Qb6 15. Rab1 Bxe5 16. Bxe5 Qa6 17. Rbc1 Rac8 18. h3 Be6 19. f4 f6 20. Bd4 Qxa2 21. Qc5 Rf7 22.
Rf2 Qa6 23. Kh2 Qd3 24. f5 gxf5 25. exf5 Bd5 26. Rc3 Qe4 27. Re3 Qh4 28. Rg3+ Kh8 29. Rg4 Qh5 30. Qxa7 Rg8 31. Rff4 Rfg7 32. Rxg7 Rxg7 33.
Rf2 Qh4 34. Qb8+ Rg8 35. Qf4 Qxf4+ 36. Rxf4 Rxg2+ 0-1